 Dungeon Crawl Stone Soup version 0.20-a0-501-g0de2c2e (webtiles) character file.

43 nono the Covered (level 3, -2/25 HPs)
             Began as a Halfling Abyssal Knight on Jan 19, 2017.
             Slain by a small abomination (12 damage)
             ... created by the touch of Lugonu
             ... on level 1 of the Dungeon.
             The game lasted 00:04:02 (922 turns).

nono the Covered (Halfling Abyssal Knight)           Turns: 922, Time: 00:04:03

Health: -2/25      AC:  3    Str: 13    XL:     3   Next: 82%
Magic:  0/13       EV: 13    Int: 10    God:
Gold:   66         SH:  4    Dex: 14    Spells: 2/2 levels left

rFire    . . .     SeeInvis .   a - +1 falchion
rCold    . . .     Gourm    .   b - +0 leather armour
rNeg     . . .     Faith    .   j - +0 buckler
rPois    .         Spirit   +   (no helmet)
rElec    .         Reflect  .   (no cloak)
rCorr    .         Harm     .   (no gloves)
MR       .....                  (no boots)
Stlth    +.........             k - amulet of guardian spirit
Regen    0.1/turn               (no ring)
                                m - ring of magical power

@: no status effects
A: mutation resistance 1
a: no special abilities


You were on level 1 of the Dungeon.
You were not hungry.

You visited 1 branch of the dungeon, and saw 2 of its levels.
You visited the Abyss 2 times.

You collected 66 gold pieces.

Inventory:

Hand Weapons
 a - a +1 falchion (weapon)
Armour
 b - a +0 leather armour (worn)
 j - a +0 buckler (worn)
Jewellery
 k - an amulet of guardian spirit (around neck)
 m - a ring of magical power (left hand)
Scrolls
 d - 2 scrolls of immolation {unknown}
 g - 2 scrolls of remove curse {unknown}
 h - a scroll of teleportation {unknown}
 l - 3 scrolls of amnesia {unknown}
 n - a scroll of identify {unknown}
Potions
 e - a potion of flight
 i - a potion of mutation {unknown}
 o - a potion of heal wounds {unknown}
Comestibles
 c - a bread ration


   Skills:
 - Level 2.6 Fighting
 + Level 2.8 Long Blades
 + Level 3.0 Armour
 + Level 2.1 Dodging
   Level 2.0 Invocations


You had 2 spell levels left.
You didn't know any spells.

Dungeon Overview and Level Annotations

Branches:
Dungeon (2/15)

Altars:
Dithmenos


Innate Abilities, Weirdness & Mutations

You are small and have problems with some larger weapons.
You are somewhat resistant to further mutation.


Message History

You block the gnoll's attack.
The gnoll hits you with an enchanted spear.
The gnoll hits you from afar with an enchanted spear.
* * * LOW HITPOINT WARNING * * *
The gnoll barely misses you.
You see here a fuming white potion.
Found 11 gold pieces.
You are starting to lose your buoyancy.
Found 27 stones.
Found a scroll labeled LEEMUWNEHEI.
You float gracefully downwards.
You see here 27 stones.
Found a stone staircase leading down.
There is an escape hatch in the ceiling here.
There is a stone staircase leading up here.
You climb upwards.
The ancient zyme hits you. The ancient zyme closely misses you.
You feel yourself growing ill in the presence of the ancient zyme.
The small abomination hits you!!
You die...

..# #x# #. #.# #.# #. #
#.##########.# #.
#..##............# ####'
#..........#.....######....
#.####)###.#..(..'....'....
##'###'##...)######....
#...#...###### #....
#...#x@x# #.... #...#...#
#.... #.<.#.>.# +....
#...#...# #####....
#...#.>.# ........#
#...#...# ........#
##+###+## ........#
......... .........


You could see an ancient zyme and a small abomination.

Vanquished Creatures
  2 adders (D:2)
  A dart slug (D:2)
  2 leopard geckos
  2 bats (D:1)
  2 giant cockroaches (D:1)
  2 goblins
  3 hobgoblins
  A jackal (D:1)
  A kobold (D:2)
  3 rats
19 creatures vanquished.

Notes
Turn   | Place    | Note
-------+----------+-------------------------------------------
     0 | Abyss:1  | nono the Halfling Abyssal Knight began the quest for the Orb.
     0 | Abyss:1  | Reached XP level 1. HP: 15/15 MP: 2/2
    31 | Abyss:1  | Noticed a bone dragon
    32 | D:1      | Escaped the Abyss
   123 | D:1      | Reached XP level 2. HP: 20/20 MP: 3/3
   133 | D:1      | Reached * piety under Lugonu
   160 | D:1      | Fell from the grace of Lugonu
   309 | D:1      | Noticed an ancient zyme
   309 | D:1      | Cast into level 1 of the Abyss (Lugonu's touch)
   314 | D:1      | Escaped the Abyss
   334 | D:1      | Noticed a small abomination
   378 | D:2      | Reached XP level 3. HP: 19/25 MP: 1/4
   839 | D:2      | Reached skill level 3 in Armour
   849 | D:2      | Found a shadowy altar of Dithmenos.
   874 | D:2      | HP: 1/25 [gnoll/enchanted spear (2)]
   922 | D:1      | Slain by a small abomination

Vault maps used:
D:1:      minmay_arrival_up_and_down, minivault_5, minmay_tromino_v7
D:2:      minmay_diamond_boxcup, nicolae_dithmenos_through_a_glass_darkly

Skill      XL: |  1  2  3 |
---------------+----------+-----
Armour         | 3 |  3.0
Dodging        | 2 |  2.1
Fighting       | |  2.6
Long Blades    | |  2.8
Invocations    | |  2.0

Action                   || total
-------------------------++-------
Melee: Falchion          ||    62
Invok: Depart the Abyss  ||     1
       Renounce Religion ||     1
  Use: Potion            ||     2
Armor: Leather armour    ||     8
Dodge: Dodged            ||    47
Block: Buckler           ||    11
       Rpst.: Falchion   ||    13
